[Event "*** SCC Grand Prix: Titled Tuesday Blitz"]
[Site "Chess.com"]
[Date "2020.07.14"]
[Round "3"]
[White "WashUntilHoles"]
[Black "guillembaches"]
[Result "1-0"]
[WhiteElo "2702"]
[BlackElo "2422"]
[TimeControl "180+1"]
[EndTime "10:29:31 PDT"]
[Termination "WashUntilHoles won on time"]

1. e4 c5 2. Nf3 d6 3. Bb5+ Bd7 4.
c4 Nf6 5. Nc3 g6 6. d4 cxd4 7.
Nxd4 Bg7 8. O-O O-O 9. Qe2 a6 10.
Bxd7 Nfxd7 11. Be3 Nc6 12. Rad1 Rc8 13. b3 b5 14. Nd5 bxc4 15. bxc4 e6 16. Nxc6 Rxc6 17.
Nb4 Rc8 18. Rxd6 Qc7 19. Rxa6 Qxc4 20. Qxc4 Rxc4 21. Nc6 Rxe4 22. Rd1 Nb8 23. Nxb8 Rxb8 24. Ra7 Reb4 25. g3 Bc3 26. Rdd7 Rb1+ 27. Kg2 Ra1 28.
a3 h5 29. Bc5 Rb5 30. Be3 Rd5 31. Rxf7 Be5 32. Rfe7 Rd8 33. Bh6 Bb2 34. Be3 Rxa3 35.
Rab7 Bf6 36. Rxe6 Rf8 37. Bc5 Rf7 38. Rxf7 Kxf7 39. Rxf6+ Kxf6 40. Bxa3 Kf5 41. Bb2 Kg4 42. f3+ Kg5 43. h3 Kh6 44. g4 h4 45. f4 g5 46. f5 1-0

[Event "*** SCC Grand Prix: Titled Tuesday Blitz"]
[Site "Chess.com"]
[Date "2020.07.14"]
[Round "3"]
[White "Atanejhad"]
[Black "viktorskliarov"]
[Result "0-1"]
[WhiteElo "2380"]
[BlackElo "2571"]
[TimeControl "180+1"]
[EndTime "10:29:31 PDT"]
[Termination "viktorskliarov won on time"]

1. e4 c5 2. Nf3 Nc6 3. c3 Nf6 4. e5 Nd5 5. Bc4 Nb6 6. Bb3 c4 7. Bc2 Qc7 8. Qe2 g5 9. h3 Bg7 10. O-O Nxe5 11. Nxg5 d5 12. Re1 h6 13. Nf3 Nxf3+ 14. Qxf3 e5 15. d3 cxd3 16. Bxd3 Be6 17. Na3 a6 18. Bf5 O-O-O 19. c4 Kb8 20. cxd5 Bxd5 21.
Be4 Bxe4 22. Qxe4 Rd4 23. Qf5 Qd7 24. Qh5 f5 25. Be3 Rb4 26. Qg6 Nd5 27. Rad1 Rd8 28. Rxd5 Qxd5 29. Bb6 Rg8 30. Nc2 Rxb2 31. Ne3 Qc6 32. Qf7 Rc8 33. Nd5 Bf8 34. Bc7+ Ka7 35. Bxe5 Rd2 36. Ne7 Bxe7 37. Qxe7 Qc5 38. Qh4 Re8 39.
Qf4 Rd5 40. Rc1 Qb6 41. Bc7 Qb5 42. Bd6 Rd8 43. Bc7 Rd1+ 44. Kh2 Rxc1 45. Qxc1 Rd5 0-1

[Event "*** SCC Grand Prix: Titled Tuesday Blitz"]
[Site "Chess.com"]
[Date "2020.07.14"]
[Round "3"]
[White "Munkhzul_Turmunkh"]
[Black "Alopekos"]
[Result "1-0"]
[WhiteElo "2544"]
[BlackElo "2348"]
[TimeControl "180+1"]
[EndTime "10:29:31 PDT"]
[Termination "Munkhzul_Turmunkh won on time"]

1. e4 c5 2. Nf3 e6 3. d4 cxd4 4. Nxd4 Nc6 5. Nc3 Qc7 6. Be3 a6 7. Qd2 Nf6 8. O-O-O Bb4 9. f3 O-O 10. g4 b5 11. g5 Nh5 12. Nxc6 dxc6 13. f4 e5 14. f5 Nf4 15. a3 Be7 16. Qf2 Bxg5 17. Rg1 Bf6 18. Bb6 Qb7 19. h4 a5 20. h5 h6 21. Kb1 b4 22. Na4 bxa3 23. b3 Rb8 24.
Ka2 Qa8 25. Qg3 Ba6 26. Bc5 Rfe8 27. Nb6 Rxb6 28. Bxb6 Bxf1 29. Rgxf1 a4 30. b4 Qa6 31. Bc5 Qc4+ 32. Kxa3 Rb8 33. Rf2 Qxe4 34. Qe3 Qxf5 35.
Bd6 Re8 36. Rg1 Qxh5 37. Rxf4 Re6 38. Qf3 Qxf3+ 39. Rxf3 Rxd6 40. Kxa4 e4 41. Rf4 Re6 42. Re1 e3 43. Rf3 Bd4 44. Kb3 g5 45. c3 Bb6 46.
c4 Bd4 47. Rd1 Re4 48. Kc2 g4 49. Rg3 f5 50. Kd3 c5 51. b5 1-0

[Event "*** SCC Grand Prix: Titled Tuesday Blitz"]
[Site "Chess.com"]
[Date "2020.07.14"]
[Round "3"]
[White "topotun"]
[Black "Hikaru"]
[Result "0-1"]
[WhiteElo "2701"]
[BlackElo "3209"]
[TimeControl "180+1"]
[EndTime "10:29:32 PDT"]
[Termination "Hikaru won on time"]

1. e4 c6 2. d4 d5 3. Nd2 dxe4 4. Nxe4 Bf5 5. Ng3 Bg6 6. h4 h6 7. Nf3 Nd7 8. h5 Bh7 9. Bd3 Bxd3 10. Qxd3 e6 11.
Bd2 Ngf6 12. O-O-O Qc7 13. Ne4 O-O-O 14. g3 Nxe4 15.
Qxe4 Nf6 16. Qe2 Bd6 17. Kb1 Kb8 18. c4 c5 19. Bc3 Ka8 20. dxc5 Bxc5 21. Ne5 Rc8 22.
b3 a6 23. Bb2 Rhd8 24. f4 Bd6 25. g4 Ne8 26. g5 f6 27. Ng6 Qf7 28. Qg4 Bc5 29.
Rhe1 Nc7 30. gxf6 gxf6 31. f5 e5 32. Bc1 b5 33. Qe4+ Kb8 34. Bxh6 Bd4 35. Be3 bxc4 36.
Bxd4 exd4 37. Qe7 Qd5 38. Qb4+ Nb5 39. bxc4 Rxc4 40. Qb2 Ka7 41. Ka1 Nc3 42. Re7+ Ka8 43. Rde1 Rb4 44. Qc2 Ra4 45. R1e2 Rb8 46. Re8 Rxa2+ 47.
Qxa2 Nxa2 48. Rxb8+ Kxb8 49. Rxa2 Qxf5 50. Rb2+ Kc7 51.
Rh2 Qf1+ 52. Kb2 Qg1 53. Rc2+ Kb6 54. Nf4 Qg5 55. Rf2 d3 0-1

[Event "*** SCC Grand Prix: Titled Tuesday Blitz"]
[Site "Chess.com"]
[Date "2020.07.14"]
[Round "3"]
[White "RaunakSadhwani2005"]
[Black "bgfbfbgfbgfgf"]
[Result "1-0"]
[WhiteElo "2958"]
[BlackElo "2662"]
[TimeControl "180+1"]
[EndTime "10:29:32 PDT"]
[Termination "RaunakSadhwani2005 won by resignation"]

1. d4 Nf6 2. Bf4 g6 3. Nc3 d5 4. e3 Bg7 5. h4 c5 6. Nf3 Bg4 7. Be2 Nc6 8. dxc5 Qa5 9. Nd2 Bxe2 10. Qxe2 Qxc5 11. Nb3 Qb6 12. O-O-O e6 13. Bd6 O-O-O 14.
Bc5 Qa6 15. Qxa6 bxa6 16. Nd4 Nxd4 17. Bxd4 Kb7 18. Na4 Rc8 19. Nc5+ Rxc5 20. Bxc5 Ne4 21. Bd4 e5 22. f3 Nf2 23. Bc3 Nxd1 24. Rxd1 Kc6 25. h5 Re8 26. Rh1 d4 27. Bd2 g5 28.
h6 Bh8 29. e4 Bf6 30. Kd1 Be7 31. Ke2 f6 32. Kd3 Rg8 33. g3 Rg6 34. f4 gxf4 35.
gxf4 Rg3+ 36. Kc4 Rg2 37. Kd3 Rg3+ 38. Ke2 Rg2+ 39. Kd1 Rg4 40. fxe5 fxe5 41. Rf1 Bd6 42. Rf6 Kc5 43. b4+ Kc6 44. b5+ Kc5 45. a3 Rg1+ 46. Ke2 Rg2+ 47. Ke1 Rg1+ 48. Kf2 Rh1 49. Bb4+ Kc4 50.
Rxd6 Kxb5 51. Rd5+ Kc4 52. Rxe5 Rh2+ 53. Kg3 Rxc2 54. Rc5+ 1-0

[Event "*** SCC Grand Prix: Titled Tuesday Blitz"]
[Site "Chess.com"]
[Date "2020.07.14"]
[Round "3"]
[White "benko_008"]
[Black "floplover"]
[Result "0-1"]
[WhiteElo "2459"]
[BlackElo "2256"]
[TimeControl "180+1"]
[EndTime "10:29:32 PDT"]
[Termination "floplover won on time"]

1. d4 d5 2. c4 e6 3. Nc3 Bb4 4.
cxd5 exd5 5. Bf4 c6 6. e3 Ne7 7. Bd3 Bf5 8. Ne2 Bd6 9. Bg3 O-O 10. Qc2 Bg6 11. Nf4 Na6 12. Nxg6 Nxg6 13. a3 Nc7 14. O-O Bxg3 15. hxg3 Re8 16. Ne2 Qd6 17. Nf4 Re7 18. Rac1 a5 19. Qc5 Ne8 20. Qxd6 Nxd6 21. Bxg6 hxg6 22. a4 Ra6 23. b3 Rb6 24. Rc3 g5 25. Ne2 f6 26. g4 Re4 27. f3 Re7 28. Kf2 Rb4 29. Nc1 Rb6 30. Nd3 Ne8 31. Rh1 Nc7 32.
Nc1 Na6 33. Ne2 Nb4 34. Ra1 Kf7 35. Ng3 g6 36. Nf1 Kg7 37. Nd2 f5 38. gxf5 gxf5 39. Nf1 Kg6 40. Ng3 Re8 41. Ne2 Rh8 42. Rd1 Na2 43.
Rc2 Nb4 44. Rb2 Ra6 45. Rbb1 Raa8 46. Ng3 Rae8 47. Nf1 Rh1 48. Ng3 Rh4 49. Nf1 Nc2 50. Rd3 Rh1 51. Rbd1 Nb4 0-1

[Event "*** SCC Grand Prix: Titled Tuesday Blitz"]
[Site "Chess.com"]
[Date "2020.07.14"]
[Round "3"]
[White "SergeyKarjakin"]
[Black "Jungle_Jaguar"]
[Result "1/2-1/2"]
[WhiteElo "2965"]
[BlackElo "2674"]
[TimeControl "180+1"]
[EndTime "10:29:33 PDT"]
[Termination "Game drawn by agreement"]

1. e4 e5 2. Nf3 Nc6 3. Bc4 Bc5 4. c3 Nf6 5. d3 O-O 6. O-O d5 7. exd5 Nxd5 8. Re1 Bg4 9. Nbd2 f6 10. Qb3 Ne7 11. d4 Bb6 12. h3 Bh5 13.
dxe5 fxe5 14. Rxe5 Bf7 15. Ng5 c6 16. Ndf3 Kh8 17.
Nxf7+ Rxf7 18. Bg5 Qd7 19. Bxe7 Rxf3 20. gxf3 Qxh3 21.
Rg5 Qxf3 22. Qc2 Nxe7 23. Qe2 Qf6 24. Rg2 Ng6 25. Qe6 Qxe6 26. Bxe6 Nf4 27. Bc4 Nxg2 28. Kxg2 Rf8 29. f3 Re8 30. Rd1 Rd8 31. Re1 g6 32. Re2 Rd7 33. a4 Kg7 34. Kg3 Bc7+ 35. Kg2 a5 36. Bb3 Bb6 37. Bc2 Bc5 38. f4 Bb6 39. Kf3 Bc7 40. f5 Rf7 41. Rg2 Kh6 42. Kg4 gxf5+ 43. Bxf5 Rg7+ 44. Kf3 Rxg2 45. Kxg2 b6 46. Bd7 c5 47. c4 Kg5 48. Kf3 Be5 49. b3 Bc7 50.
Bc8 h5 1/2-1/2

[Event "*** SCC Grand Prix: Titled Tuesday Blitz"]
[Site "Chess.com"]
[Date "2020.07.14"]
[Round "3"]
[White "Kildepiotr"]
[Black "BocharovD"]
[Result "1/2-1/2"]
[WhiteElo "2595"]
[BlackElo "2779"]
[TimeControl "180+1"]
[EndTime "10:29:33 PDT"]
[Termination "Game drawn - insufficient material"]

1. Nf3 c5 2. g3 g6 3. Bg2 Bg7 4. c3 e5 5. e4 Nc6 6. O-O Nge7 7. Na3 O-O 8. d4 cxd4 9. cxd4 exd4 10. Nb5 d5 11.
Nfxd4 Nxd4 12. Nxd4 dxe4 13. Nb5 Qxd1 14. Rxd1 Bg4 15.
Re1 Nc6 16. Rxe4 Bf5 17. Re1 Rad8 18. Bxc6 bxc6 19. Nxa7 c5 20. Nc6 Rde8 21. Be3 Bxb2 22. Bxc5 Bxa1 23. Rxa1 Rc8 24. Bxf8 Kxf8 25. Nd4 Bd7 26.
Kf1 Rc4 27. Nf3 Bb5 28. Kg1 Bc6 29. Ne5 Rc5 30. Nxc6 Rxc6 31. a4 Ke7 32. Kg2 Ra6 33.
a5 Kd6 34. Kf3 Kd5 35. Kf4 f6 36. h4 Kd4 37. f3 Kd5 38. g4 Kd4 39. g5 fxg5+ 40.
hxg5 Kd5 41. Re1 Kd6 42. Re5 Rc6 43. Rb5 Rc4+ 44. Kg3 Ra4 45. Rb7 Rxa5 46. Rxh7 Rxg5+ 47. Kf4 Rf5+ 48. Kg4 Ke6 49. Ra7 Kf6 50. Ra6+ Kg7 51. f4 Rf6 52. Rxf6 Kxf6 53. Kf3 Kf5 54. Kg3 g5 55.
fxg5 Kxg5 1/2-1/2

[Event "*** SCC Grand Prix: Titled Tuesday Blitz"]
[Site "Chess.com"]
[Date "2020.07.14"]
[Round "3"]
[White "dalmatinac101"]
[Black "pedromartinez91"]
[Result "1-0"]
[WhiteElo "2794"]
[BlackElo "2527"]
[TimeControl "180+1"]
[EndTime "10:29:33 PDT"]
[Termination "dalmatinac101 won on time"]

1. d4 d5 2. Nc3 Nf6 3. Bf4 a6 4. e3 e6 5. Bd3 c5 6. Nf3 Nc6 7. a3 b5 8. h3 Bb7 9. O-O Rc8 10.
Re1 Be7 11. dxc5 Bxc5 12. e4 dxe4 13. Nxe4 Be7 14. c3 Nxe4 15. Bxe4 Qxd1 16. Raxd1 Na5 17.
Bxb7 Nxb7 18. Ne5 Nc5 19. Nd3 Na4 20. Bc1 O-O 21. Nb4 Bxb4 22. axb4 Rfd8 23. Kf1 Kf8 24.
Ke2 Ke7 25. g4 f6 26. h4 e5 27. h5 g6 28. Rxd8 Rxd8 29. Rh1 g5 30. Rh3 Ke6 31. b3 Nb6 32. Bd2 h6 33. Rh1 f5 34.
Ra1 Ra8 35. f3 fxg4 36. fxg4 Nd5 37. c4 Nc7 38. Be3 Rb8 39. Bc5 Rb7 40. Ke3 Rb8 41.
Rd1 Ne8 42. Ra1 Nc7 43. Ra2 Rb7 44. Rd2 Ne8 45. Rd8 Nf6 46. Rd6+ Kf7 47. Rxa6 bxc4 48. bxc4 Nxg4+ 49. Ke4 Nf6+ 50. Kxe5 Ng4+ 51. Kf5 1-0

[Event "*** SCC Grand Prix: Titled Tuesday Blitz"]
[Site "Chess.com"]
[Date "2020.07.14"]
[Round "3"]
[White "ellatambien"]
[Black "Azoulas1"]
[Result "0-1"]
[WhiteElo "2319"]
[BlackElo "2026"]
[TimeControl "180+1"]
[EndTime "10:29:33 PDT"]
[Termination "Azoulas1 won on time"]

1. e4 c5 2. Nf3 e6 3. d3 Nc6 4. g3 g6 5. h4 h6 6. c3 Bg7 7. Be3 b6 8. d4 cxd4 9. cxd4 d5 10. e5 Nge7 11. Nc3 Nf5 12. Bc1 Bb7 13. Bh3 Nfe7 14. O-O a6 15. b3 b5 16. Ne2 Rc8 17. Qd2 Qb6 18. Bb2 O-O 19. Rfc1 Rc7 20. Nf4 Rfc8 21.
Kh2 a5 22. a3 b4 23. a4 Nd8 24. Nd3 Ba6 25. Nc5 Nb7 26. Nxa6 Qxa6 27. Bf1 Qb6 28. Bb5 Nf5 29. g4 Ne7 30. Ne1 Nd8 31. Nd3 Nb7 32. Qe3 Nc6 33. Kg3 Na7 34. Rxc7 Rxc7 35. Rc1 Nxb5 36. axb5 Kh7 37. Rxc7 Qxc7 38. Nc5 Qb6 39. Nxb7 Qxb7 40. Qd3 Qb6 41. h5 Qb7 42. Bc1 Qa7 43. Be3 a4 44. bxa4 Qxa4 45. b6 Qc6 46. f4 Qxb6 0-1

[Event "*** SCC Grand Prix: Titled Tuesday Blitz"]
[Site "Chess.com"]
[Date "2020.07.14"]
[Round "3"]
[White "Azatic"]
[Black "FlamingPhoenix123"]
[Result "1-0"]
[WhiteElo "2619"]
[BlackElo "2417"]
[TimeControl "180+1"]
[EndTime "10:29:34 PDT"]
[Termination "Azatic won by checkmate"]

1. e4 c5 2. Nf3 d6 3. d4 cxd4 4. Nxd4 Nf6 5. Nc3 Nc6 6. Bg5 e6 7. Qd2 a6 8. O-O-O h6 9. Bxf6 Qxf6 10. Nb3 Qd8 11. Kb1 Be7 12. f4 O-O 13. g4 b5 14.
Rg1 Bb7 15. g5 hxg5 16. Qg2 Na5 17. Nc5 Bc6 18. fxg5 Qb6 19. Nd3 g6 20. Nf4 Nc4 21. Re1 Qc5 22. Bd3 Nxb2 23. Kxb2 Qb4+ 24. Kc1 Qxc3 25.
Qg3 Qa1+ 26. Kd2 Qe5 27. Qg4 b4 28. h4 Qc3+ 29. Ke2 Bb5 30. Bxb5 Qxc2+ 31. Kf3 axb5 32. h5 Ra3+ 33. Re3 Rxe3+ 34. Kxe3 Rc8 35. Nd3 Rc3 36. Rd1 d5 37. hxg6 Bc5+ 38. Kf4 Rxd3 39. gxf7+ Kg7 40.
f8=Q+ Kxf8 41. Rf1 Be3+ 42. Ke5+ Ke7 43. Qxe6+ Kd8 44. Rf8+ Kc7 45. Rc8+ Kb7 46. Rxc2 Bd4+ 47. Kd6 Bc3 48. Qd7+ Kb6 49. exd5 Ka5 50. Qa7# 1-0

[Event "*** SCC Grand Prix: Titled Tuesday Blitz"]
[Site "Chess.com"]
[Date "2020.07.14"]
[Round "3"]
[White "QuintilianoR"]
[Black "Nathan_Filgueiras"]
[Result "1-0"]
[WhiteElo "2650"]
[BlackElo "2411"]
[TimeControl "180+1"]
[EndTime "10:29:34 PDT"]
[Termination "QuintilianoR won by resignation"]

1. Nf3 Nf6 2. c4 b6 3. g3 Bb7 4. Bg2 e6 5. O-O Be7 6. d4 O-O 7. Re1 d5 8. cxd5 exd5 9. Nc3 Ne4 10. Bf4 Nd7 11. Rc1 c5 12. dxc5 Bxc5 13. e3 Ndf6 14. Nd4 h6 15. h4 Nxc3 16. bxc3 Ne4 17. Be5 Re8 18. Nf3 Qd7 19. Bd4 Bxd4 20. Qxd4 Rac8 21. c4 Qe6 22. cxd5 Qxd5 23. Qxd5 Bxd5 24. Nd4 Nf6 25.
Bxd5 Nxd5 26. Nc6 Kf8 27. Red1 Nf6 28. Nxa7 Ra8 29. Rc7 Red8 30. Rxd8+ Rxd8 31. Rc8 Ke8 32. Rxd8+ Kxd8 33. Nb5 Kd7 34. Nd4 Nd5 35. Kf1 Nc3 36. a3 Nb1 37. Nc2 Kc6 38. Ke2 Kb5 39. Kd3 Ka4 40.
Kc4 Nxa3+ 41. Nxa3 Kxa3 42. Kb5 Kb3 43. Kxb6 Kc3 44.
Kc6 Kd3 45. Kd6 Ke2 46. Ke7 Kxf2 47. Kxf7 Kxg3 48. e4 Kxh4 49. e5 g5 50. e6 g4 51.
e7 g3 52. e8=Q g2 53. Qe1+ Kh3 54. Qg1 Kg3 55. Kg6 h5 56. Kxh5 1-0

[Event "*** SCC Grand Prix: Titled Tuesday Blitz"]
[Site "Chess.com"]
[Date "2020.07.14"]
[Round "3"]
[White "AlexSuv"]
[Black "Tolya2"]
[Result "0-1"]
[WhiteElo "2551"]
[BlackElo "2401"]
[TimeControl "180+1"]
[EndTime "10:29:34 PDT"]
[Termination "Tolya2 won by resignation"]

1. d4 d5 2. c4 dxc4 3. Nf3 a6 4. e3 Nf6 5. Bxc4 e6 6. O-O c5 7. Qe2 b5 8. Bb3 Bb7 9. Rd1 Nbd7 10. a4 b4 11.
Nbd2 Bd6 12. Nc4 Qe7 13. Nxd6+ Qxd6 14. dxc5 Qxc5 15. Bd2 a5 16. Rac1 Qb6 17. Nd4 O-O 18. Nb5 Rac8 19. f3 Nc5 20. Bc2 b3 21. Bd3 Nxd3 22.
Qxd3 Ba6 23. Bc3 Nd5 24. Bd4 Qb8 25. Qxb3 h6 26. e4 Nf4 27. Qe3 Ng6 28. Qe2 Nf4 29. Qf1 Rfd8 30. Be3 Ng6 31. Rxd8+ Rxd8 32. Qc4 Rc8 33.
Bc5 Ne5 34. Qf1 Nd7 35. Bd6 Rxc1 36. Qxc1 Qb6+ 37. Kh1 Bxb5 38. Bc7 Qc6 39. Qxc6 Bxc6 40. Bxa5 Bxa4 41. Bc3 f6 42. Kg1 e5 43. Kf2 Kf7 44.
Ke3 Ke6 45. Bb4 Bb5 46. g4 g6 47. h4 h5 48. gxh5 gxh5 49. Ba3 Nb6 50. b3 Ba6 51. Bc5 Nd7 52. Ba7 Kd6 53. b4 Kc6 54. f4 Kb5 55. fxe5 fxe5 56. Kf3 Kxb4 57. Be3 Kc4 58. Bc1 Kd3 59.
Bb2 Bb7 0-1

[Event "*** SCC Grand Prix: Titled Tuesday Blitz"]
[Site "Chess.com"]
[Date "2020.07.14"]
[Round "3"]
[White "YPradafah"]
[Black "Manukyan_Artak"]
[Result "1-0"]
[WhiteElo "2564"]
[BlackElo "2362"]
[TimeControl "180+1"]
[EndTime "10:29:34 PDT"]
[Termination "YPradafah won by resignation"]

1. d4 Nf6 2. Nf3 d5 3. Bf4 Bf5 4. e3 e6 5. c4 Bxb1 6. Qa4+ Qd7 7. Qxd7+ Nbxd7 8. Rxb1 Bb4+ 9. Ke2 c6 10. Nd2 Ke7 11.
f3 Nh5 12. Bg5+ f6 13. Bh4 g5 14. Bf2 Ng7 15. a3 Bxd2 16. Kxd2 Nf5 17. c5 b5 18.
Bd3 Kf7 19. b4 a5 20. a4 axb4 21. axb5 Ra2+ 22. Bc2 cxb5 23. Rxb4 Rb8 24. Rhb1 e5 25. R1b2 Rxb2 26. Rxb2 Nh4 27. Bxh4 gxh4 28. Bd3 b4 29. c6 Nf8 30. Rxb4 Rc8 31. Rb7+ Kg8 32. Bb5 exd4 33. exd4 Ne6 34. Kc3 Nf4 35. g3 hxg3 36. hxg3 Ne6 37. f4 h5 38. Re7 Nc7 39. Kb4 Ne8 40.
Kc5 Ng7 41. c7 Kf8 42. Rxg7 Kxg7 43. Kd6 h4 44. gxh4 Kg6 45. Bd7 Rh8 46. f5+ Kh5 47. c8=Q Rxc8 48. Bxc8 Kxh4 49. Kxd5 1-0

[Event "*** SCC Grand Prix: Titled Tuesday Blitz"]
[Site "Chess.com"]
[Date "2020.07.14"]
[Round "3"]
[White "PattyCastillo"]
[Black "ItsCheckM8Mate"]
[Result "0-1"]
[WhiteElo "1933"]
[BlackElo "2254"]
[TimeControl "180+1"]
[EndTime "10:29:34 PDT"]
[Termination "ItsCheckM8Mate won on time"]

1. d4 Nf6 2. Nf3 c5 3. e3 cxd4 4. exd4 g6 5. Nc3 Bg7 6. Bf4 O-O 7. Be2 d6 8. O-O Nc6 9. a3 Qb6 10. Rb1 Bg4 11. d5 Bxf3 12. Bxf3 Nd4 13. Na4 Nxf3+ 14. Qxf3 Qa5 15. Nc3 Rac8 16. Rfd1 Rc4 17. Bg5 h6 18. Bd2 Qd8 19. b3 Rc5 20. b4 Rc4 21. Qd3 Qc8 22. Rbc1 a6 23. Na4 Rc7 24. c4 Re8 25. Be3 Qg4 26. h3 Qe4 27. Nb6 Qxd3 28. Rxd3 Nd7 29.
c5 dxc5 30. bxc5 Nxb6 31. cxb6 Rxc1+ 32. Bxc1 Rc8 33. Be3 Kf8 34. g3 g5 35. d6 exd6 36. Rxd6 Ke7 37. Rd3 Be5 38. Kg2 Bd6 39. f4 gxf4 40. Bxf4 Bxf4 41. gxf4 Rc6 42. Re3+ Kf6 43.
Rd3 Rxb6 44. Rd7 Rb3 45. h4 b5 46. Rd6+ Kf5 47. Rxa6 h5 48. Ra7 f6 49. Kf2 Kxf4 0-1

[Event "*** SCC Grand Prix: Titled Tuesday Blitz"]
[Site "Chess.com"]
[Date "2020.07.14"]
[Round "3"]
[White "LiviuDieterNisipeanu"]
[Black "GameOverBro"]
[Result "1-0"]
[WhiteElo "2713"]
[BlackElo "2507"]
[TimeControl "180+1"]
[EndTime "10:29:35 PDT"]
[Termination "LiviuDieterNisipeanu won by resignation"]

1. d4 d6 2. Nf3 Nf6 3. g3 Nbd7 4. Bg2 e5 5. O-O Be7 6. c4 c6 7. Nc3 O-O 8. e4 a6 9. Be3 Ng4 10. Bd2 Ngf6 11. b4 b5 12. dxe5 Nxe5 13. Nxe5 dxe5 14. c5 a5 15. a3 Be6 16. Qc2 Qc7 17. h3 Rfd8 18. Be3 Nd7 19. Kh2 Nf8 20. Rfd1 a4 21.
Rxd8 Rxd8 22. h4 Bb3 23. Qe2 Ne6 24. Qg4 Rd3 25. Ne2 Bc4 26. h5 Qd8 27. h6 g6 28. Ng1 Bg5 29. Bxg5 Qxg5 30. Qxg5 Nxg5 31. Bf1 Rd2 32. Bxc4 Rxf2+ 33. Kh1 bxc4 34. Rc1 Nxe4 35. Nh3 Nxg3+ 36. Kg1 Rb2 37. Rxc4 e4 38. Nf4 f5 39.
Rd4 e3 40. Rd7 e2 41. Rg7+ Kf8 42. Nxe2 Nxe2+ 43. Kf1 Nd4 44. Rxh7 f4 45. Rd7 Kg8 46. Rxd4 g5 47. Rd6 Kh7 48. Rxc6 f3 49. Rf6 g4 50. Rf4 Rb1+ 51. Kf2 Rb2+ 52. Kf1 Rb1+ 53. Kf2 Rb2+ 54. Kg3 Rg2+ 55. Kh4 f2 56. c6 g3 57. c7 Rg1 58. c8=Q f1=Q 59. Rxf1 Rxf1 60. Kxg3 1-0

[Event "*** SCC Grand Prix: Titled Tuesday Blitz"]
[Site "Chess.com"]
[Date "2020.07.14"]
[Round "3"]
[White "brunoo2003"]
[Black "tlomigtlis"]
[Result "0-1"]
[WhiteElo "2210"]
[BlackElo "2425"]
[TimeControl "180+1"]
[EndTime "10:29:35 PDT"]
[Termination "tlomigtlis won by resignation"]

1. e4 c5 2. Nf3 d6 3. d4 cxd4 4.
Nxd4 Nf6 5. Nc3 a6 6. Bd3 e5 7. Nf5 Nc6 8. Bg5 h6 9. Bxf6 Qxf6 10. Nd5 Qd8 11. Nfe3 Be6 12. O-O g6 13. Bc4 Bg7 14. Bb3 O-O 15. a4 Rc8 16. c3 Kh8 17. Qd3 f5 18. Rad1 f4 19. Nc2 Rg8 20. f3 g5 21.
Bc4 h5 22. Kf2 g4 23. Ke2 Qh4 24. Kd2 gxf3 25. gxf3 Bf8 26. Kc1 Rg2 27. Rg1 Qf2 28. Rxg2 Qxg2 29. Qf1 Qxh2 30. Qh1 Qxh1 31. Rxh1 Bf7 32.
Nb6 Rc7 33. Bxf7 Rxf7 34. Rxh5+ Rh7 35. Rxh7+ Kxh7 36. Kd2 Kg6 37. Nd5 Kh5 38. Ncb4 Na5 39. Kd3 Kh4 40. Nc2 Kg3 41. b4 Nb3 42. b5 axb5 43. axb5 Kxf3 44. Nf6 Kg3 45. Nh5+ Kg4 46. Nf6+ Kh4 47. Nd7 Bh6 48. Ne1 Kg3 49. Nf6 f3 50. Nh5+ Kf2 51. Nc2 Nc1+ 52. Kc4 Ke2 53. Kd5 f2 54.
Kxd6 Bf4 55. Nd4+ exd4+ 56. Nxf4+ Kf3 57. e5 f1=Q 58. e6 Kxf4 59. e7 Qxb5 60. cxd4 Qe8 61. d5 Ke4 62. Ke6 Nd3 63. d6 Nc5+ 64. Kf6 Kd5 0-1

[Event "*** SCC Grand Prix: Titled Tuesday Blitz"]
[Site "Chess.com"]
[Date "2020.07.14"]
[Round "3"]
[White "731291"]
[Black "David_Paravyan"]
[Result "0-1"]
[WhiteElo "2657"]
[BlackElo "2947"]
[TimeControl "180+1"]
[EndTime "10:29:36 PDT"]
[Termination "David_Paravyan won on time"]

1. d4 Nf6 2. Nf3 d5 3. c4 e6 4. g3 Be7 5. Bg2 O-O 6. O-O dxc4 7. Qc2 a6 8. a4 Bd7 9. Rd1 Bc6 10. Nc3 Bb4 11.
Bg5 h6 12. Bxf6 Qxf6 13. e4 Qe7 14. Ne5 Nd7 15. Nxc6 bxc6 16. Qe2 c5 17. Qxc4 Nb6 18. Qe2 cxd4 19. Rxd4 a5 20. e5 Rad8 21. Rad1 Rxd4 22. Rxd4 Rd8 23. Qd3 Rxd4 24. Qxd4 Bxc3 25. bxc3 Qd7 26.
Qxd7 Nxd7 27. f4 Kf8 28. Kf2 Ke7 29. Ke3 f6 30. exf6+ gxf6 31. g4 Kd6 32. h4 Nc5 33. g5 fxg5 34. fxg5 hxg5 35. hxg5 Nxa4 36. g6 Ke7 37.
Kd4 Kf6 38. Be4 Nb6 39. Kc5 a4 40. Kc6 a3 41. Bb1 Nd5 42. Ba2 Nxc3 43. g7 Kxg7 44. Bxe6 Kf6 45. Bb3 Ke5 46. Kxc7 Kd4 47. Kb6 Ne4 48.
Ka5 Kc3 49. Bd5 Kb2 0-1

[Event "*** SCC Grand Prix: Titled Tuesday Blitz"]
[Site "Chess.com"]
[Date "2020.07.14"]
[Round "3"]
[White "Flawless_Fighter"]
[Black "MateSchmate"]
[Result "0-1"]
[WhiteElo "2562"]
[BlackElo "2405"]
[TimeControl "180+1"]
[EndTime "10:29:36 PDT"]
[Termination "MateSchmate won by resignation"]

1. e4 e6 2. d4 d5 3. Nd2 a6 4.
Bd3 c5 5. exd5 Qxd5 6. Ngf3 Nc6 7. Be4 Qd8 8. Bxc6+ bxc6 9. dxc5 Bxc5 10. O-O Nf6 11. b3 O-O 12. Bb2 a5 13. Qe2 Ba6 14. c4 Qc7 15. Be5 Bd6 16. Bc3 c5 17. Ne5 Bb7 18.
Rfe1 a4 19. Rad1 axb3 20. axb3 Rfd8 21. Ng4 Nxg4 22. Qxg4 Bxh2+ 23. Kf1 f5 24. Qe2 Re8 25.
g3 Qc6 26. Qe5 Re7 27. f3 Rd8 28. Re2 Rxd2 29. Rdxd2 Qxf3+ 30. Rf2 Qxg3 31. Rxh2 Qf3+ 32. Rdf2 Qd3+ 33. Kg1 Qd1+ 34. Qe1 Qxb3 35. Rb2 Qxc4 36. Rhg2 Bxg2 37. Rxg2 Qd5 38. Qe5 Qxe5 39. Bxe5 Rd7 40.
Kf1 g6 41. Ke2 Rd5 42. Bc3 e5 43. Rg1 e4 44. Ke3 Rd3+ 45. Kf4 Rxc3 46. Ke5 Kf7 47. Ra1 Rb3 48. Ra7+ Kg8 49. Rc7 e3 50. Kf6 Rb6+ 51. Kg5 e2 52. Re7 Rb2 53. Kf6 Rb6+ 54. Kg5 c4 55. Rxe2 c3 56. Re3 Rc6 57. Re2 c2 58.
Rd2 c1=Q 0-1

[Event "*** SCC Grand Prix: Titled Tuesday Blitz"]
[Site "Chess.com"]
[Date "2020.07.14"]
[Round "3"]
[White "VMikhalevski"]
[Black "vovachesss"]
[Result "0-1"]
[WhiteElo "2791"]
[BlackElo "2604"]
[TimeControl "180+1"]
[EndTime "10:29:37 PDT"]
[Termination "vovachesss won on time"]

1. d4 Nf6 2. Nf3 d5 3. c4 c6 4. Nc3 dxc4 5. a4 Bg4 6. Ne5 Nbd7 7. Nxg4 Nxg4 8. e4 e5 9. Qxg4 exd4 10. Bxc4 dxc3 11.
Qf3 Ne5 12. Qxc3 Nxc4 13. Qxc4 Bd6 14. O-O O-O 15. Be3 Qe7 16. Rfd1 Rfe8 17. g3 Be5 18. Rab1 h5 19. h4 Bf6 20. f3 a6 21. Kg2 Rad8 22.
b4 Rxd1 23. Rxd1 Rd8 24. Rb1 Qd7 25. Kf2 Qh3 26. Qf1 Qe6 27. Qe2 Qh3 28. Rg1 Be5 29. f4 Bd4 30. e5 Bxe3+ 31. Qxe3 Qe6 32. Re1 Qc4 33. e6 fxe6 34. Qxe6+ Qxe6 35. Rxe6 Rd4 36. b5 axb5 37. axb5 cxb5 38. Rb6 b4 39. Rxb7 Rc4 40.
Rb5 g6 41. Rb7 Kf8 42. Ke3 Rc3+ 43. Ke4 Rxg3 44. Ke5 b3 45. Kf6 Ke8 46. Ke6 Kd8 47. Kd6 Kc8 48. Rb4 Rd3+ 49. Kc6 Kd8 50. Rb7 Ke8 51. Kc5 Kf8 52. Kc4 Rf3 0-1

[Event "*** SCC Grand Prix: Titled Tuesday Blitz"]
[Site "Chess.com"]
[Date "2020.07.14"]
[Round "3"]
[White "sergivila"]
[Black "ClassyEl"]
[Result "1/2-1/2"]
[WhiteElo "2363"]
[BlackElo "2542"]
[TimeControl "180+1"]
[EndTime "10:29:37 PDT"]
[Termination "Game drawn - insufficient material"]

1. e4 c5 2. Nc3 a6 3. g3 b5 4.
Bg2 Bb7 5. d3 Nc6 6. Nh3 g6 7.
Be3 d6 8. Qd2 Bg7 9. O-O e6 10.
Rae1 Nd4 11. Nd1 b4 12. c3 bxc3 13. bxc3 Nc6 14. f4 Nge7 15. g4 h5 16. Ndf2 hxg4 17. Nxg4 f5 18. Ngf2 Qd7 19. Ng5 Bf6 20. d4 Na5 21. d5 exd5 22. exd5 Nc4 23. Qd3 Nxe3 24. Rxe3 Bxg5 25. fxg5 Kf7 26. Rfe1 Rae8 27. Re6 Rhf8 28. c4 Ng8 29. Qh3 Kg7 30. Qe3 Rxe6 31. dxe6 Qe7 32. Bxb7 Qxb7 33. e7 Re8 34. Qc3+ Kf7 35. Qh8 Rxe7 36.
Qh7+ Kf8 37. Rxe7 Qxe7 38. Qxg6 Qe5 39. h4 Qg3+ 40. Kf1 Qxh4 41. Qxf5+ Kg7 42. Ne4 Qh1+ 43. Ke2 Qh2+ 44. Kd3 Qxa2 45. Nxd6 Qb1+ 46. Kc3 Qxf5 47. Nxf5+ Kg6 48. Nd6 Kxg5 49. Ne4+ Kf4 50. Nxc5 a5 51. Nb7 a4 52. Kb4 Ke5 53. Kxa4 Ke6 54. Kb5 Kd7 55.
Kb6 Ne7 56. Nc5+ Kd6 57. Ne4+ Ke5 58. Nc3 Kd4 59. c5 Kxc3 60. c6 Nxc6 1/2-1/2